 Seeded DCSS version 0.32-a0-999-gfa1cc04b1d (webtiles) character file.

Game seed: 202404249 (custom seed)

8 Orlauf the Poker (level 2, -1/22 HPs)
             Began as a Demonspawn Gladiator on Apr 24, 2024.
             Slain by a kobold
             ... wielding a +0 short sword
              (2 damage)
             ... on level 1 of the Dungeon.
             The game lasted 00:00:25 (47 turns).

Orlauf the Poker (Demonspawn Gladiator)               Turns: 47, Time: 00:00:26

Health: -1/22      AC:  4    Str: 14    XL:     2   Next: 0%
Magic:  2/2        EV: 11    Int:  8    God:
Gold:   0          SH:  4    Dex: 14    Spells: 1/1 levels left

rFire   . . .        a - +0 trident
rCold   . . .        (no shield)
rNeg    . . .        b - +0 leather armour
rPois   .            c - +0 helmet
rElec   .            (no cloak)
rCorr   .            (no gloves)
SInv    .            (no boots)
Will    .....        (no amulet)
Stlth   +            (no ring)
HPRegen 0.23/turn    (no ring)
MPRegen 0.08/turn

%: no passive effects
@: no status effects
A: large bone plates 1
a: no special abilities


You were on level 1 of the Dungeon.
You visited 1 branch of the dungeon, and saw 1 of its levels.

Inventory:

Hand Weapons
 a - a +0 trident (weapon)
Missiles
 d - a throwing net (quivered)
 e - a javelin
Armour
 b - a +0 leather armour (worn)
 c - a +0 helmet (worn)


   Skills:
 + Level 2.2 Fighting
 * Level 3.1 Polearms
 - Level 1.7 Throwing
 - Level 2.6 Dodging


You had one spell level left.
You didn't know any spells.
Your spell library was empty.

Dungeon Overview and Level Annotations

Branches:
Dungeon (1/15)

Altars:


Innate Abilities, Weirdness & Mutations

You are partially covered in large bone plates. (SH +4)


Message History

Aim: an endoplasm (about 14% to evade your +0 trident)
You reach to attack!
You puncture the endoplasm!
You kill the endoplasm!
Reach: a) +0 trident
Press: ? - help, Dir - move target, f - kobold
Aim: a kobold, wielding a +0 whip (about 49% to evade your +0 trident)
You reach to attack!
You hit the kobold but do no damage. You hit the kobold but do no damage.
The kobold closely misses you.
You hit the kobold.
The kobold is moderately wounded.
The kobold barely misses you. The kobold hits you with a +0 whip.
* * * LOW HITPOINT WARNING * * *
You closely miss the kobold.
The kobold is moderately wounded.
The kobold barely misses you.
You hit the kobold.
You kill the kobold!
You have reached level 2!
Your demonic ancestry asserts itself...
Large bone plates grow over parts of your arms.
Reach: a) +0 trident
Press: ? - help, Dir - move target, f - kobold
Aim: a kobold, wielding a +0 short sword (about 49% to evade your +0 trident)
Okay, then.
Throw: 3 throwing nets
Press: ? - help, Q - select action, (/) - cycle Shift-Dir - straight line, f - kobold
Aim: a kobold, wielding a +0 short sword (47% to hit)
You throw a throwing net.
The throwing net closely misses the kobold.
The kobold hits you but does no damage.
Throw: 2 throwing nets
Press: ? - help, Q - select action, (/) - cycle Shift-Dir - straight line, f/p - kobold
Aim: a kobold, wielding a +0 short sword (47% to hit)
You throw a throwing net.
The throwing net barely misses the kobold.
The kobold hits you with a +0 short sword.
* * * LOW HITPOINT WARNING * * *
You barely miss the kobold.
The kobold hits you with a +0 short sword.
You die...

#........#
#......><#
#.......##
#.......#
######.#####
#.......#
##.#.###.#
#######..#.###
#..@K†....(..#
#.####.###...#
# #.†K#...#
#.K.#...#
..###...# ...
..... ..#.
#..... .. .
#...... ##. ##


You could see a kobold.

Vanquished Creatures
  An endoplasm (D:1)
  A giant cockroach (D:1)
  A kobold (D:1)
  2 ball pythons (D:1)
  2 bats (D:1)
  2 rats (D:1)
9 creatures vanquished.

Notes
Turn   | Place    | Note
-------+----------+-------------------------------------------
     0 | D:1      | Orlauf the Demonspawn Gladiator began the quest for the
                  | Orb.
     0 | D:1      | Reached XP level 1. HP: 16/16 MP: 1/1
    39 | D:1      | Reached skill level 3 in Polearms
    45 | D:1      | Gained mutation: You are partially covered in large bone
                  | plates. (SH +4) [demonic ancestry]
    45 | D:1      | Reached XP level 2. HP: 2/22 MP: 2/2
    46 | D:1      | HP: 1/22 [kobold/+0 short sword (2)]
    47 | D:1      | Slain by a kobold

Illustrated notes

Levels and vault maps discovered:
D:1:      dpeg_arrival_tiny_a, layout_rooms, st_stairs_3, minmay_octomino_c4

Skill      XL: |  1 |
---------------+----+-----
Polearms       | 3 |  3.1
Fighting       | |  2.2
Throwing       | |  1.7
Dodging        | |  2.6

Action                     || total
---------------------------++-------
  Melee: Trident           ||    29
  Throw: Throwing net      ||     2
 Armour: Leather armour    ||    34
  Dodge: Dodged            ||    22

Table legend: (Time is in decaauts)
 A = Elapsed time spent in this place.
 B = Non-inter-level travel time spent in this place.
 C = Inter-level travel time spent in this place.
 D = Time resting spent in this place.
 E = Time spent auto-exploring this place.
 F = Levels seen in this place.
 G = Mean time per level.
                   A        B        C        D        E       F      G
               +--------+--------+--------+--------+--------+-----+--------+
         Total |     51 |     51 |      0 |      0 |      5 |   1 |   51.0 |
       Dungeon |     51 |     51 |      0 |      0 |      5 |   1 |   51.0 |
               +--------+--------+--------+--------+--------+-----+--------+

Top non-repeatable levels by time:
     D:1: 51 daAuts
